 Dungeon Crawl Stone Soup version 0.30-a0-639-g3916f1956a (webtiles) character file.

Game seed: 5226342798753284428

3259 TheGoodOne the Cleaver (level 9, -4/79 HPs)
             Began as a Minotaur Berserker on Jan 15, 2023.
             Was an Elder of Trog.
             Slain by a manticore (7 damage)
             ... on level 8 of the Dungeon.
             The game lasted 00:58:13 (7677 turns).

TheGoodOne the Cleaver (Minotaur Berserker)         Turns: 7677, Time: 00:58:13

Health: -4/79      AC: 12    Str: 25    XL:     9   Next: 68%
Magic:  8/8        EV: 17    Int:  4    God:    Trog [****..]
Gold:   426        SH:  0    Dex: 11    Spells: 8/8 levels left

rFire   . . .      SeeInvis .    a - +0 hand axe
rCold   . . .      Faith    .    (no shield)
rNeg    . . .      Spirit   .    F - +0 swamp dragon scales
rPois   +          Reflect  .    f - +1 hat
rElec   .          Harm     .    (no cloak)
rCorr   +          Rampage  .    (no gloves)
Will    .....                    A - +0 pair of boots
Stlth   ++                       u - amulet of regeneration
HPRegen 1.13/turn                G - ring of resist corrosion
MPRegen 0.11/turn                B - +5 ring of evasion

@: on berserk cooldown, slowed, very slow
A: horns 2, retaliatory headbutt
a: Renounce Religion, Berserk, Trog's Hand, Brothers in Arms


You were on level 8 of the Dungeon.
You worshipped Trog.
Trog was greatly pleased with you.
You visited 1 branch of the dungeon, and saw 8 of its levels.

You collected 426 gold pieces.

Inventory:

Hand Weapons
 a - a +0 hand axe (weapon)
Missiles
 g - 82 stones
 j - 8 boomerangs (quivered)
 D - a throwing net
Armour
 f - a +1 hat (worn)
 A - a +0 pair of boots (worn)
 F - +0 swamp dragon scales (worn)
Jewellery
 u - an amulet of regeneration (around neck)
 B - a +5 ring of evasion (right hand)
 G - a ring of resist corrosion (left hand)
Wands
 h - a wand of light (13)
 l - a wand of paralysis (7)
 p - a wand of iceblast (20)
 y - a wand of polymorph (14)
Scrolls
 d - 2 scrolls of brand weapon {unknown}
 e - 5 scrolls of enchant weapon {unknown}
 i - 6 scrolls of identify {unknown}
 k - a scroll of magic mapping {unknown}
 m - 2 scrolls of poison {unknown}
 n - a scroll of enchant armour {unknown}
 o - 4 scrolls of teleportation {unknown}
 q - 2 scrolls of silence {unknown}
 t - a scroll of noise {unknown}
 x - 5 scrolls of blinking {unknown}
Potions
 b - 2 potions of brilliance {unknown}
 c - a potion of mutation {unknown}
 r - 2 potions of magic {unknown}
 s - 2 potions of curing {unknown}
 v - a potion of degeneration {unknown}
 w - a potion of resistance {unknown}
 z - a potion of attraction {unknown}
 C - a potion of lignification {unknown}
 E - a potion of haste {unknown}


   Skills:
 + Level 7.5 Fighting
 + Level 11.3 Axes
 + Level 0.6 Throwing
 + Level 8.3 Armour
 + Level 4.0 Dodging
 + Level 4.0 Stealth


You had 8 spell levels left.
You didn't know any spells.
Your spell library contained the following spells:

 Spells                   Type           Power      Damage    Failure   Level
 Ensorcelled Hibernation  Hex/Ice        0%         N/A       77%         2
 Passwall                 Tmut/Erth      0%         N/A       77%         2
 Call Canine Familiar     Summ           0%         N/A       94%         3
 Portal Projectile        Hex/Tloc       0%         N/A       94%         3
 Swiftness                Air            0%         N/A       94%         3
 Leda's Liquefaction      Hex/Erth       0%         N/A       100%        4


Dungeon Overview and Level Annotations

Branches:
Dungeon (8/15)             Temple (0/1) D:6
   Lair: D:8-11

Altars:
Ashenzari
Gozag
Hepliaklqana
Kikubaaqudgha
Makhleb
Ru
Wu Jian
The Shining One

Shops:
D:1 *   D:6 (

Annotations:
D:7 2 transporters, wormed's ghost, novice FoFi


Innate Abilities, Weirdness & Mutations

You have a pair of horns on your head.
You reflexively headbutt those who attack you in melee.


Message History

You are caught in a web!
The jumping spider bites you but does no damage.
The web tears apart.
The gnoll misses you. The jumping spider pounces on you!
The jumping spider completely misses you.
The manticore closely misses you. The manticore completely misses you.
The manticore claws you!
* * * LOW HITPOINT WARNING * * *
The manticore misses you. The manticore closely misses you. x2
The jumping spider completely misses you.
The jumping spider misses you. The gnoll misses you.
You barely miss the manticore.
The manticore is heavily wounded.
You barely miss the jumping spider.
You carefully extract the barbed spikes from your body.
The jumping spider barely misses you.
The jumping spider bites you but does no damage.
The gnoll misses you. The manticore bites you.
* * * LOW HITPOINT WARNING * * *
The manticore claws you but does no damage.
The manticore completely misses you.
The jumping spider pounces on you but does no damage.
The jumping spider barely misses you.
You barely miss the manticore.
You headbutt the manticore, but do no damage.
The manticore is heavily wounded.
You closely miss the jumping spider.
The jumping spider completely misses you.
The jumping spider barely misses you. The gnoll hits you but does no damage.
The manticore bites you but does no damage.
The manticore claws you but does no damage.
The manticore claws you!
* * * LOW HITPOINT WARNING * * *
You hit the manticore.
The manticore is heavily wounded.
You hit the jumping spider but do no damage.
The jumping spider pounces on you!
* * * LOW HITPOINT WARNING * * *
The jumping spider bites you but does no damage.
The gnoll misses you. The manticore bites you!
You die...

#.# #.# .#
#.# ... #.##
#.###..## ##
...##..## ..
#..##..## #.
#..##..#
#..###?.#@.#
#?.)g.#Hs#
##..†hg..#
#?###.#..#
#.. #..#..#
#..#..##..#
#....# ...#
.[$.# ...#
##.## #..#


You could see a manticore, a jumping spider shaped shifter and a gnoll.

Vanquished Creatures
  Maggie (D:6)
  A wyvern (D:8)
  5 yaks (D:5)
  3 water moccasins
  An orc warrior (D:8)
  Pargi (D:3)
  An ogre (D:7)
  2 phantoms
  5 bullfrogs
  5 scorpions
  A necrophage (D:6)
  2 howler monkeys
  3 hounds
  A jelly (D:7)
  A gnoll bouda (D:5)
  2 iguanas
  4 orc wizards (D:7)
  Robin (D:2)
  13 gnolls
  8 adders
  2 shadow imps
  3 worms
  5 dart slugs
  11 orcs
  7 ball pythons
  5 bats
  8 endoplasms
  4 giant cockroaches
  6 goblins
  8 hobgoblins
  3 jackals (D:3)
  8 kobolds
  4 quokkas (D:1)
  3 frilled lizards
  3 rats
141 creatures vanquished.

Notes
Turn   | Place    | Note
-------+----------+-------------------------------------------
     0 | D:1      | TheGoodOne the Minotaur Berserker began the quest for the
                  | Orb.
     0 | D:1      | Reached XP level 1. HP: 19/19 MP: 0/0
   372 | D:1      | Reached skill level 4 in Axes
   375 | D:1      | Reached XP level 2. HP: 14/27 MP: 1/1
   460 | D:1      | Found a faded altar of an unknown god.
   549 | D:1      | Found Munnuerph's General Store.
   727 | D:1      | Reached XP level 3. HP: 33/33 MP: 2/2
  1394 | D:2      | Reached ** piety under Trog
  1629 | D:2      | Noticed Robin
  1645 | D:2      | Killed Robin
  1715 | D:2      | Found a sacrificial altar of Ru.
  2089 | D:2      | Reached XP level 4. HP: 41/41 MP: 3/3
  2479 | D:2      | Reached skill level 5 in Axes
  3068 | D:3      | Noticed Pargi
  3093 | D:3      | Killed Pargi
  3094 | D:3      | Reached skill level 1 in Stealth
  3094 | D:3      | Reached XP level 5. HP: 29/47 MP: 4/4
  3600 | D:3      | Reached skill level 5 in Fighting
  3600 | D:3      | Reached skill level 6 in Axes
  3971 | D:4      | Reached XP level 6. HP: 56/56 MP: 5/5
  4079 | D:4      | Reached *** piety under Trog
  4433 | D:4      | Found an ornate altar of the Wu Jian Council.
  4581 | D:5      | Entered Level 5 of the Dungeon
  4804 | D:4      | Reached skill level 7 in Axes
  4804 | D:4      | Reached XP level 7. HP: 61/61 MP: 6/6
  5030 | D:5      | Reached skill level 5 in Armour
  5090 | D:5      | Reached skill level 8 in Axes
  5092 | D:5      | Noticed a yak
  5094 | D:5      | Noticed a yak
  5094 | D:5      | Noticed a yak
  5095 | D:5      | Noticed a yak
  5095 | D:5      | Noticed a yak
  5111 | D:5      | Killed a yak
  5112 | D:5      | Killed a yak
  5113 | D:5      | Reached XP level 8. HP: 70/70 MP: 7/7
  5116 | D:5      | Reached skill level 9 in Axes
  5632 | D:6      | Found Pebbobog's Antique Weapon Shoppe.
  5915 | D:6      | Reached skill level 10 in Axes
  5915 | D:6      | Found a glowing golden altar of the Shining One.
  6082 | D:6      | Noticed Maggie
  6097 | D:6      | Killed Maggie
  6098 | D:6      | Reached XP level 9. HP: 79/79 MP: 8/8
  6249 | D:6      | Found a staircase to the Ecumenical Temple.
  6975 | D:7      | Found a transporter.
  7125 | D:7      | Noticed wormed's ghost (novice FoFi)
  7166 | D:7      | Reached **** piety under Trog
  7193 | D:7      | Found a transporter.
  7305 | D:7      | Found a broken altar of Ashenzari.
  7312 | D:7      | Reached skill level 11 in Axes
  7312 | D:7      | Found an opulent altar of Gozag.
  7312 | D:7      | Found a hazy altar of Hepliaklqana.
  7312 | D:7      | Found an ancient bone altar of Kikubaaqudgha.
  7579 | D:8      | Found a burning altar of Makhleb.
  7648 | D:8      | Noticed a black mamba
  7649 | D:8      | a black mamba changed into a polar bear
  7649 | D:8      | Noticed a polar bear (shapeshifter)
  7649 | D:8      | Noticed a manticore
  7663 | D:8      | Noticed a six-headed hydra
  7672 | D:8      | a polar bear changed into a jumping spider
  7677 | D:8      | HP: 3/79 [jumping spider (shapeshifter) (11)]
  7677 | D:8      | Slain by a manticore

Illustrated notes

Levels and vault maps discovered:
D:1:      nzn_arrival_settlement, layout_basic, serial_shops, shop,
          basic_ecumenical_altar, minmay_pentomino_t2
D:2:      layout_basic, basic_altar, uniq_robin
D:3:      layout_basic, uniq_pargi
D:4:      layout_basic, nzn_wu_jian_contemplation, serial_curves,
          eino_curves_04, eino_curves_04
D:5:      layout_loops_ring
D:6:      layout_basic, mainiacjoe_overflow_cross_hatched,
          minmay_temple_entry_nine_rooms, nicolae_stop_n_shop_1,
          kennysheep_nondescript, uniq_maggie
D:7:      layout_gridville, grunt_temple_overflow_open, nzn_ghost_randoct
D:8:      minmay_the_grid_octo_tiled_squarecenter [minmay_the_grid_octo_horde,
          minmay_the_grid_octo_checkerflower, minmay_the_grid_octo_shrine,
          minmay_the_grid_octo_pinwheel,
          minmay_the_grid_square_5x5_megaprize_crossed,
          minmay_the_grid_square_5x5_almost_minimal,
          minmay_the_grid_square_5x5_hollow_slash,
          minmay_the_grid_square_5x5_bracketed,
          minmay_the_grid_square_5x5_tri_point], layout_rooms,
          overflow_temple_1_default, minivault_23, kennysheep_minor_cross

Skill      XL: |  1  2  3  4  5  6  7  8  9 |
---------------+----------------------------+-----
Axes           | 4 5 6 7 8 10 11 | 11.3
Fighting       | 4 5 6 7 |  7.5
Armour         | 3 4 5 7 8 |  8.3
Stealth        | 1 2 4 |  4.0
Dodging        | 3 4 |  4.0
Throwing       | |  0.6

Action                   |  1- 3 |  4- 6 |  7- 9 || total
-------------------------+-------+-------+-------++-------
Melee: Hand axe          |    70 |   131 |   212 ||   413
       Headbutt          |    13 |    16 |    57 ||    86
       Punch             |       |     1 |     2 ||     3
Throw: Stone             |       |     3 |       ||     3
Invok: Berserk           |     2 |     3 |     3 ||     8
       Trog's Hand       |       |       |     1 ||     1
Evoke: Wand              |       |       |     1 ||     1
 Stab: Paralysed         |       |       |     8 ||     8
       Sleeping          |       |       |     2 ||     2
Armor: Animal skin       |    10 |       |       ||    10
       Chain mail        |     2 |   106 |    27 ||   135
       Swamp dragon scal |       |       |    69 ||    69
Dodge: Dodged            |    43 |    75 |   160 ||   278

Table legend: (Time is in decaauts)
 A = Elapsed time spent in this place.
 B = Non-inter-level travel time spent in this place.
 C = Inter-level travel time spent in this place.
 D = Time resting spent in this place.
 E = Time spent auto-exploring this place.
 F = Levels seen in this place.
 G = Mean time per level.
                   A        B        C        D        E       F      G
               +--------+--------+--------+--------+--------+-----+--------+
         Total |   7706 |   3619 |   4087 |    410 |   2068 |   8 |  963.2 |
       Dungeon |   7706 |   3619 |   4087 |    410 |   2068 |   8 |  963.2 |
               +--------+--------+--------+--------+--------+-----+--------+

Top non-repeatable levels by time:
     D:1: 1530 daAuts
     D:6: 1373 daAuts
     D:2: 1342 daAuts
     D:3: 1160 daAuts
     D:5: 1011 daAuts
     D:4: 737 daAuts
     D:7: 495 daAuts
     D:8: 55 daAuts
